 Dungeon Sprint DCSS version 0.20-a0-923-g548304e (webtiles) character file.

3800000 M4edhros the Axe Maniac (level 25, -11/210 HPs)
             Began as an Octopode Artificer on Mar 25, 2017.
             Killed from afar by a large bag of meat (21 damage)
             ... with an exploding inner flame
             ... in the Dungeon (Sprint VIII: "Arena of Blood").
             The game lasted 00:02:12 (38 turns).

M4edhros the Axe Maniac (Octopode Artificer)          Turns: 38, Time: 00:02:13

Health: -11/210    AC:  1    Str: 12    XL:     25   Next: 30%
Magic:  22/54      EV: 36    Int: 17    God:
Gold:   0          SH:  0    Dex: 20    Spells: 78/78 levels left

rFire    . . .     SeeInvis .   l - +∞ Axe of Woe
rCold    . . .     Gourm    .   (shield currently unavailable)
rNeg     . . .     Faith    .   (helmet restricted)
rPois    .         Spirit   .   (no amulet)
rElec    .         Reflect  .   (no ring)
rCorr    .         Harm     .   (no ring)
MR       +....     NoTele   +   (no ring)
Stlth    ++++++++++             (no ring)
Regen    0.5/turn               (no ring)
MPRegen  0.4/turn               (no ring)
                                (no ring)
                                (no ring)

@: very slightly contaminated
A: almost no armour, stealthy swim, amphibious, 8 rings, constrict 8, camouflage
1, gelatinous body 1
a: no special abilities


You were in the Dungeon.
You were not hungry.

You visited 1 branch

Inventory:

Hand Weapons
 a - a +0 short sword
 l - the +∞ Axe of Woe (weapon)
   (You found it in the Dungeon)
Wands
 b - a wand of flame (15/48)
 c - a wand of enslavement (14/24)
 d - a wand of random effects (15/48)
Potions
 e - a potion of curing
 h - a potion of haste
 i - 2 potions of magic
 j - a potion of berserk rage
Comestibles
 f - a bread ration


   Skills:
 O Level 27 Fighting
 O Level 27 Short Blades
 O Level 27 Axes
 O Level 27 Throwing
 O Level 27 Dodging
 O Level 27 Stealth
 O Level 27 Unarmed Combat
 O Level 27 Spellcasting
 O Level 27 Evocations


You had 78 spell levels left.
You didn't know any spells.

Dungeon Overview and Level Annotations

Branches:
Dungeon (1/1)

Altars:
Makhleb


Innate Abilities, Weirdness & Mutations

You cannot wear most types of armour.
You are very stealthy in the water. (Stealth+)
You are amphibious.
You can wear up to eight rings at the same time.
You can use your tentacles to constrict eight enemies at once.
Your skin changes colour to match your surroundings (Stealth+).
Your rubbery body absorbs attacks. (AC +1, EV +1)


Message History

A bag of meat comes into view. It is wielding a +9 war axe.
Unknown command.
Unknown command.
The bag of meat shouts!
You slice the destroyer!!
You dissect the destroyer like a pig carcass.
You destroy the destroyer!
You slash the bag of meat!
You butcher the bag of meat messily.
You kill the bag of meat!
You have reached level 25!
You feel clever.
You slice the bag of meat!! You chop the bag of meat into pieces.
You kill the bag of meat!
You hit the bag of meat.
You slaughter the bag of meat joyfully.
You kill the bag of meat!
You slice the large bag of meat!!
You chop the large bag of meat into pieces.
The large bag of meat explodes!
The fiery explosion engulfs you!
You die...

.. ### ... ...# #.##
#####.... . ...
...o.....
...##V##.oo..o..
.....§.))§o.o.o.
.....#)#§o..oo.#
.......@)ooO.###
.......))).......
........o........
.........§.......
................ .
#.......#....... .#..
#.......#.......
.....###)......###.....
......)...###..........


You could see a destroyer, a meat berserker (berserk) and 13 bags of meat.

Vanquished Creatures
  5 vampire knights (D)
  9 ogres (D)
  22 orcs (D)
36 creatures vanquished.

Notes
Turn   | Place    | Note
-------+----------+-------------------------------------------
     0 | D        | M4edhros the Octopode Artificer began the quest for the Orb.
     0 | D        | Reached XP level 1. HP: 13/13 MP: 3/3
     5 | D        | Noticed a bag of meat
     5 | D        | Noticed a meat berserker
     5 | D        | Noticed a bag of meat
     7 | D        | Noticed a bag of meat
     8 | D        | Noticed a bag of meat
     8 | D        | Killed a bag of meat
     8 | D        | Reached XP level 2. HP: 18/18 MP: 4/4
     8 | D        | Reached XP level 3. HP: 23/23 MP: 5/5
     8 | D        | Reached XP level 4. HP: 28/28 MP: 6/6
     8 | D        | Reached XP level 5. HP: 33/33 MP: 7/7
     8 | D        | Reached XP level 6. HP: 38/38 MP: 8/8
     8 | D        | Reached XP level 7. HP: 43/43 MP: 9/9
     8 | D        | Reached XP level 8. HP: 48/48 MP: 10/10
     8 | D        | Reached XP level 9. HP: 53/53 MP: 11/11
     8 | D        | Reached XP level 10. HP: 58/58 MP: 12/12
     8 | D        | Reached XP level 11. HP: 63/63 MP: 13/13
     8 | D        | Reached XP level 12. HP: 68/68 MP: 14/14
     9 | D        | Noticed a bag of meat
     9 | D        | Killed a bag of meat
     9 | D        | Reached skill level 27 in Axes
     9 | D        | Reached XP level 13. HP: 52/101 MP: 15/15
    12 | D        | Noticed a meat berserker
    13 | D        | Noticed a bag of meat
    13 | D        | Killed a bag of meat
    13 | D        | Reached XP level 14. HP: 63/119 MP: 16/16
    14 | D        | Noticed a bag of meat
    14 | D        | Noticed a bag of meat
    15 | D        | Noticed a bag of meat
    15 | D        | Noticed a bag of meat
    15 | D        | Noticed a bag of meat
    15 | D        | Killed a bag of meat
    18 | D        | Noticed a bag of meat
    18 | D        | Killed a bag of meat
    18 | D        | Reached XP level 15. HP: 51/140 MP: 17/17
    18 | D        | Killed a meat berserker
    18 | D        | Reached skill level 27 in Fighting
    19 | D        | Killed a meat berserker
    19 | D        | Reached XP level 16. HP: 55/150 MP: 18/18
    20 | D        | Reached XP level 17. HP: 58/156 MP: 19/19
    21 | D        | Noticed a destroyer
    22 | D        | Reached skill level 27 in Dodging
    23 | D        | Noticed a meat berserker
    24 | D        | Reached skill level 27 in Stealth
    25 | D        | Noticed a meat berserker
    25 | D        | HP: 4/156 [bag of meat/+9 war axe (21)]
    26 | D        | Noticed a large bag of meat
    26 | D        | Noticed a meat berserker
    26 | D        | Noticed a meat berserker
    26 | D        | Noticed a meat berserker
    26 | D        | Noticed a meat berserker
    26 | D        | Noticed a destroyer
    27 | D        | Noticed a destroyer
    27 | D        | Noticed a meat berserker
    28 | D        | Noticed a meat berserker
    28 | D        | Noticed a destroyer
    30 | D        | Killed a meat berserker
    30 | D        | Reached XP level 18. HP: 6/163 MP: 20/33
    30 | D        | Killed a meat berserker
    30 | D        | Reached skill level 27 in Evocations
    30 | D        | Killed a meat berserker
    30 | D        | Reached XP level 19. HP: 6/170 MP: 20/43
    30 | D        | Killed a destroyer
    30 | D        | Reached XP level 20. HP: 7/177 MP: 20/50
    30 | D        | Reached skill level 27 in Spellcasting
    31 | D        | Killed a meat berserker
    31 | D        | Reached skill level 27 in Unarmed Combat
    31 | D        | Reached XP level 21. HP: 7/183 MP: 20/52
    31 | D        | Reached skill level 15 in Throwing
    32 | D        | Noticed a meat berserker
    32 | D        | Noticed a destroyer
    34 | D        | Killed a meat berserker
    34 | D        | Reached skill level 27 in Throwing
    34 | D        | Killed a destroyer
    34 | D        | Reached XP level 22. HP: 8/190 MP: 21/53
    34 | D        | Reached skill level 27 in Short Blades
    35 | D        | Reached XP level 23. HP: 9/197 MP: 21/54
    36 | D        | Noticed a destroyer
    36 | D        | Killed a destroyer
    36 | D        | Killed a destroyer
    36 | D        | Reached XP level 24. HP: 10/204 MP: 21/54
    38 | D        | Killed a destroyer
    38 | D        | Reached XP level 25. HP: 10/210 MP: 22/54
    38 | D        | Killed a large bag of meat
    38 | D        | Killed from afar by a large bag of meat

Vault maps used:
D:        meatsprint

Skill      XL: |  1  2  3  4  5  6  7  8  9 10 11 12 13 14 15 16 17 18 19 20 21 22 |
---------------+-------------------------------------------------------------------+-----
Axes           | 25 27 | 27.0
Fighting       | 14 19 25 27 | 27.0
Dodging        | 24 26 27 | 27.0
Stealth        | 27 | 27.0
Evocations     | 22 27 | 27.0
Spellcasting   | 20 26 27 | 27.0
Unarmed Combat | 27 | 27.0
Throwing       | 7 27 | 27.0
Short Blades   | 23 27 | 27.0

Action                   |  1- 3 |  4- 6 |  7- 9 | 10-12 | 13-15 | 16-18 | 19-21 | 22-24 | 25-27 || total
-------------------------+-------+-------+-------+-------+-------+-------+-------+-------+-------++-------
Melee: Executioner's axe |     1 |       |       |     1 |     4 |     5 |     3 |     4 |       ||    18
Evoke: Wand              |       |       |       |       |     1 |       |       |       |       ||     1
  Use: Scroll            |       |       |       |       |       |     1 |       |       |       ||     1
       Potion            |       |       |       |       |       |     1 |       |       |       ||     1
Dodge: Dodged            |       |       |       |       |       |     2 |       |       |       ||     2
